Tsadok, chaotic male orcish Wizard ---- |..-- |...-- --....-- |......-- |....%..| --X....*| |.s....| |......- -.....*.- .........G |..|......... ------.h...--- ^....| ....-- ....| ...-- .--- -- Tsadok the Thaumaturge Experience level: 6 Strength: 18/** Dexterity: 16 Constitution: 11 Intelligence: 16 Wisdom: 9 Charisma: 10 Health: 0(42) Energy: 37(37) Def: 13 Gold: 730 Moves: 3622 Dungeon seed: oIzWhO2NZ-fdLEVn Game ID: Tsadok_1430084823 Your Inventory: Coins $ - 730 gold pieces Weapons a - a blessed +1 quarterstaff u - 10 uncursed +0 shuriken Armor N - an uncursed +0 pair of jumping boots (being worn) Comestibles r - an uncursed sprig of wolfsbane s - an uncursed fortune cookie v - an uncursed food ration B - an uncursed lichen corpse C - an uncursed tripe ration D - 2 uncursed pancakes G - an uncursed mustard seed I - an uncursed pear M - an uncursed lembas wafer Scrolls i - an uncursed scroll of food detection j - an uncursed scroll of remove curse H - 2 uncursed scrolls of light K - 2 uncursed scrolls of earth S - a cursed scroll of light U - an uncursed scroll of teleportation Potions T - a blessed potion of levitation V - an uncursed potion of healing Rings c - an uncursed +2 ring of adornment d - an uncursed ring of teleport control t - an uncursed ring of fire resistance L - an uncursed +1 ring of gain strength O - an uncursed ring of hunger Wands w - an uncursed wand of enlightenment (0:13) J - an uncursed wand of enlightenment (0:15) P - an uncursed wand of striking (0:3) Q - an uncursed wand of secret door detection (0:8) R - an uncursed wand of digging (0:5) Tools k - an uncursed skeleton key q - an uncursed +0 pick-axe (weapon in foreclaw) A - an uncursed leash Gems e - 2 uncursed worthless pieces of black glass n - an uncursed worthless piece of green glass y - an uncursed worthless piece of orange glass Spells known in the end: Name Level Category Fail Memory a - force bolt 1 attack 0% 82% b - magic missile 2 attack 0% 82% c - charm monster 3 enchantment 0% 82% Your skills at the end: Fighting Skills Weapon Skills quarterstaff [Basic] Spellcasting Skills attack spells [Basic] enchantment spells [Basic] Final Attributes: You were devoutly aligned. You were fire resistant. You were cold resistant. You were poison resistant. You were petrification resistant. You could jump. You could survive without air. You could walk through walls. You were permanently polymorphed into a xorn. You could not change from your current form. You are dead. Vanquished creatures: a soldier ant a fog cloud a yellow light 4 gnome lords 3 gnomish wizards 7 giant ants a kitten 3 dwarves a rabid rat a centipede 4 orc zombies an acid blob a large kobold 13 gnomes a gecko 3 jackals a fox a goblin 2 bats a lichen 51 creatures vanquished. Voluntary challenges: You went without food. You used a wielded weapon 45 times, starting on turn 1. You read items or engraved 8 times, starting on turn 528. You never genocided any monsters. You never polymorphed an object. You never changed form. You used no wishes. You never split a pudding. You never wrote Elbereth's name. You violated your moral code, losing 5 points of alignment, starting on turn 3464. Dungeon overview: The Dungeons of Doom: levels 1 to 8 Level 1 an altar to Thoth a long staircase Level 2 a potion shop, a fountain, a sink Level 3 a general store stairs to The Gnomish Mines Level 4 Level 5 Level 6 some fountains Level 7 Level 8 stairs to Sokoban The Gnomish Mines: levels 4 to 11 Level 4 stairs to The Dungeons of Doom Level 5 Level 6 Level 7 some shops, a temple to Anhur , a fountain Level 8 Level 9 Level 10 Level 11 <- You were here Sokoban: levels 5 to 7 Level 5 Level 6 Level 7 stairs to The Dungeons of Doom History has recorded: On T:1 you entered the Dungeons of Doom to retrieve the Amulet of Yendor! On T:109 you reached level 2 of The Dungeons of Doom. On T:387 you reached level 3 of The Dungeons of Doom. On T:441 you reached level 4 of The Dungeons of Doom. On T:513 you reached level 5 of The Dungeons of Doom. On T:587 you reached level 6 of The Dungeons of Doom. On T:769 you reached level 7 of The Dungeons of Doom. On T:799 you advanced to experience level 2. On T:811 you advanced to experience level 3. On T:827 you reached level 8 of The Dungeons of Doom. On T:915 you reached level 4 of Sokoban. On T:1200 you advanced to experience level 4. On T:1488 you reached level 3 of Sokoban. On T:2067 you advanced to experience level 5. On T:2471 you reached level 2 of Sokoban. On T:3200 you reached level 1 of The Gnomish Mines. On T:3352 you reached level 2 of The Gnomish Mines. On T:3383 you reached level 3 of The Gnomish Mines. On T:3386 you advanced to experience level 6. On T:3412 you reached level 4 of The Gnomish Mines. On T:3522 you reached level 5 of The Gnomish Mines. On T:3564 you reached level 6 of The Gnomish Mines. On T:3583 you reached level 7 of The Gnomish Mines. On T:3607 you reached level 8 of The Gnomish Mines. Score breakdown: Gold: 730 ( 9742 points) Experience: 6 levels (12456 points) Exploration: 11 levels ( 22.45%) (13693 points) Discoveries: 6 items ( 2.17%) ( 4423 points) Valuables value: (no points given unless you survive) Artifact value: 0 ( 0 points) Variety of kills: 20 monsters ( 5.28%) ( 6891 points) Time penalty: 3622 turns ( -878 points) Survival: died (score multiplied by 80%) Total score: 37061 Latest messages: K - 2 uncursed scrolls called Earth. O - an uncursed agate ring. L - an uncursed jade ring. t - an uncursed shiny ring. Q - an uncursed brass wand. J - an uncursed wand of enlightenment. w - an uncursed wand of enlightenment. P - an uncursed wand of striking. k - an uncursed key. A - an uncursed leash. q - an uncursed pick-axe. e - an uncursed black gem. n - an uncursed green gem. y - an uncursed orange gem. You miss the giant spider. (2x) You hit the giant spider. You miss the giant spider. The giant spider bites! The giant spider's bite was poisoned! Final status: Goodbye Tsadok the Wizard, poisoned by a giant spider, while stuck in monster form... You died in The Gnomish Mines on dungeon level 11 with 37061 points, and 730 pieces of gold, after 3622 moves. You were level 6 with a maximum of 31 hit points when you died.